 Dungeon Crawl Stone Soup version 0.20.0-7-g3b7b877 (webtiles) character file.

116 Rim the Stinger (level 5, -4/31 HPs)
             Began as an Octopode Venom Mage on May 29, 2017.
             Splashed by a jelly's acid (8 damage)
             ... on level 3 of the Dungeon.
             The game lasted 00:09:02 (2783 turns).

Rim the Stinger (Octopode Venom Mage)               Turns: 2783, Time: 00:09:03

Health: -4/31      AC: -7    Str:  7    XL:     5   Next: 0%
Magic:  9/9        EV: 13    Int: 23    God:
Gold:   58         SH:  0    Dex: 12    Spells: 5/9 levels left

rFire    . . .     SeeInvis .   f - +3 quarterstaff (chaos)
rCold    . . .     Gourm    .   (shield currently unavailable)
rNeg     . . .     Faith    .   (helmet restricted)
rPois    .         Spirit   .   (no amulet)
rElec    .         Reflect  .   m - +4 ring of intelligence
rCorr    .         Harm     .   (no ring)
MR       .....                  (no ring)
Stlth    +++.......             (no ring)
Regen    0.1/turn               (no ring)
MPRegen  0.2/turn               (no ring)
                                (no ring)
                                (no ring)

@: corroded
A: almost no armour, stealthy swim, amphibious, 8 rings, constrict 8, camouflage
1, gelatinous body 1
a: no special abilities


You were on level 3 of the Dungeon.
You were not hungry.

You visited 1 branch of the dungeon, and saw 3 of its levels.

You collected 58 gold pieces.

Inventory:

Hand Weapons
 e - a +0 club
 f - a +3 quarterstaff of chaos (weapon)
Missiles
 k - 28 sling bullets
Jewellery
 m - a +4 ring of intelligence (left tentacle)
Scrolls
 d - 3 scrolls of remove curse {unknown}
 i - 2 scrolls of immolation {unknown}
 o - a scroll of identify {unknown}
 r - a scroll of blinking {unknown}
 s - a scroll of noise {unknown}
Potions
 c - 2 potions of curing {unknown}
 h - a potion of mutation {unknown}
 j - 2 potions of lignification {unknown}
 l - a potion of might {unknown}
 n - a potion of heal wounds {unknown}
 p - a potion of agility {unknown}
Books
 a - a Young Poisoner's Handbook

   Spells                             Type                      Level
   a - Sting                          Conjuration/Poison           1
   b - Poisonous Vapours              Poison/Air                   2
   c - Mephitic Cloud                 Conjuration/Poison/Air       3
   d - Olgreb's Toxic Radiance        Poison                       4
   e - Venom Bolt                     Conjuration/Poison           5
Comestibles
 b - 2 bread rations
 g - a meat ration
 q - a royal jelly


   Skills:
 + Level 0.2 Fighting
 + Level 2.2 Dodging
 + Level 2.9 Stealth
 + Level 2.8 Spellcasting
 + Level 2.0 Conjurations
 * Level 5.2 Poison Magic


You had 5 spell levels left.
You knew the following spells:

 Your Spells              Type           Power        Failure   Level  Hunger
a - Sting                 Conj/Pois      ###.         2%          1    None
b - Mephitic Cloud        Conj/Pois/Air  ##......     13%         3    ###....


Dungeon Overview and Level Annotations

Branches:
Dungeon (3/15)

Altars:


Innate Abilities, Weirdness & Mutations

You cannot wear most types of armour.
You are very stealthy in the water. (Stealth+)
You are amphibious.
You can wear up to eight rings at the same time.
You can use your tentacles to constrict eight enemies at once.
Your skin changes colour to match your surroundings (Stealth+).
Your rubbery body absorbs attacks. (AC +1, EV +1)


Message History

You open the door.
There is an open door here.
As you open the door, it creaks loudly!
A jelly comes into view.
The jelly quivers.
The jelly moves out of view.
The jelly hits you.
You are splashed with acid!
The acid burns!
There is an open door here.
You sock the jelly! You freeze the jelly. The acid corrodes you!
Your tentacles burn!
The jelly is heavily wounded.
The jelly hits you. The acid corrodes you!
You are splashed with acid!
The acid burns!
* * * LOW HITPOINT WARNING * * *
You completely miss the jelly.
The jelly is heavily wounded.
The jelly hits you.
* * * LOW HITPOINT WARNING * * *
You are splashed with acid!
The acid burns!
You die...

#### #
...###########.## ...
##.#............. ..
.#.#.####......# ..
.#.#.# #.####### .
.#.#.# #.......# .#
.#...##########.##.##
###.....# #.#J..#
####.##.# #.@...#
..#####.# ###...#
#.#####.# ####
........# #.#######
#.# ..# #.# #.#


You could see a jelly.

Vanquished Creatures
  Crazy Yiuf (D:2)
  2 gnolls (D:2)
  2 adders (D:2)
  2 leopard geckos
  2 ball pythons (D:1)
  9 bats
  3 giant cockroaches (D:2)
  3 goblins
  3 hobgoblins
  2 jackals (D:2)
  A quokka (D:2)
  5 frilled lizards
  9 kobolds
  5 rats
49 creatures vanquished.

Notes
Turn   | Place    | Note
-------+----------+-------------------------------------------
     0 | D:1      | Rim the Octopode Venom Mage began the quest for the Orb.
     0 | D:1      | Reached XP level 1. HP: 11/11 MP: 3/3
   546 | D:1      | Reached XP level 2. HP: 17/17 MP: 1/5
   826 | D:1      | Reached skill level 4 in Poison Magic
  1157 | D:2      | Reached XP level 3. HP: 17/21 MP: 0/6
  1580 | D:2      | Learned a level 3 spell: Mephitic Cloud
  1642 | D:2      | Reached XP level 4. HP: 27/27 MP: 2/8
  2047 | D:2      | Reached skill level 5 in Poison Magic
  2517 | D:2      | Found a runed door.
  2521 | D:2      | Noticed Crazy Yiuf
  2533 | D:2      | Killed Crazy Yiuf
  2697 | D:3      | Reached XP level 5. HP: 31/31 MP: 6/9
  2783 | D:3      | Splashed by a jelly's acid

Skill      XL: |  1  2  3  4 |
---------------+-------------+-----
Poison Magic   | 4 5 |  5.2
Conjurations   | 2 |  2.0
Fighting       | |  0.2
Dodging        | |  2.2
Stealth        | |  2.9
Spellcasting   | |  2.8

Action                   |  1- 3 |  4- 6 || total
-------------------------+-------+-------++-------
Melee: Club              |    19 |     5 ||    24
       Constrict         |     7 |     1 ||     8
       Unarmed           |     2 |       ||     2
       Tentacles         |     4 |       ||     4
       Quarterstaff      |       |     2 ||     2
 Cast: Sting             |    51 |    42 ||    93
 Stab: Distracted        |     1 |       ||     1
  Eat: Chunk             |     2 |     4 ||     6
Armor: Skin              |     3 |     2 ||     5
Dodge: Dodged            |    16 |     8 ||    24
